 Dungeon Crawl Stone Soup version 0.26-a0-466-g989023bd0d (webtiles) character file.

Game seed: 12409627987977996886

149081 HoaS the Wrestler (level 17, -16/154 HPs)
             Began as a Ghoul Gladiator on Aug 9, 2020.
             Was the Champion of Makhleb.
             Demolished by a redback (17 damage)
             ... on level 4 of the Spider Nest.
             The game lasted 01:12:24 (24946 turns).

HoaS the Wrestler (Ghoul Gladiator)                Turns: 24946, Time: 01:12:24

Health: -16/154    AC: 43    Str: 21      XL:     17   Next: 50%
Magic:  2/16       EV: 16    Int:  3      God:    Makhleb [******]
Gold:   1924       SH:  5    Dex: 12 (14) Spells: 16/16 levels left

rFire    . . .     SeeInvis .     - Unarmed
rCold    + . .     Faith    .   (no shield)
rNeg     + + +     Spirit   .   L - +15 Maxwell's patent armour {-Cast -Tele rElec MR+ rCorr}
rPois    ∞         Reflect  +   b - +1 helmet
rElec    +         Harm     .   x - +2 cloak {rPois}
rCorr    +         NoTele   +   (no gloves)
MR       ++...     NoCast   +   h - +1 pair of boots
Stlth    ..........             N - amulet of reflection
HPRegen  0.00/turn              M - +4 ring of evasion
MPRegen  0.15/turn              w - +4 ring of protection

@: mighty, marked
A: rotting body, claws 1, cold resistance 1, negative energy resistance 3,
inhibited regeneration, torment resistance, unbreathing
a: Minor Destruction, Lesser Servant of Makhleb, Major Destruction, Greater
Servant of Makhleb, Renounce Religion


You were on level 4 of the Spider Nest.
You worshipped Makhleb.
Makhleb was exalted by your worship.
You visited 5 branches of the dungeon, and saw 28 of its levels.
You also visited: Sewer and Ice Cave.

You collected 2980 gold pieces.
You spent 1056 gold pieces at shops.

Inventory:

Missiles
 B - 23 javelins (quivered)
Armour
 b - a +1 helmet (worn)
 h - a +1 pair of boots (worn)
 x - a +2 cloak of poison resistance (worn)
 L - the +15 Maxwell's patent armour (worn) {-Cast -Tele rElec MR+ rCorr}
   (You found it on level 4 of the Lair of Beasts)

   It insulates you from electricity.
   It affects your resistance to hostile enchantments.
   It prevents spellcasting.
   It prevents most forms of teleportation.
   It provides partial protection from all sources of acid and corrosion.
Jewellery
 m - an uncursed ring of protection from cold
 s - the ring "Yxzin" {rElec MR+ Dex+4}
   (You found it on level 1 of the Lair of Beasts)

   [ring of protection from magic]

   It affects your dexterity (+4).
   It insulates you from electricity.
   It affects your resistance to hostile enchantments.
 u - an uncursed ring of see invisible
 w - a +4 ring of protection (right claw)
 H - a +6 ring of dexterity
 M - a +4 ring of evasion (left claw)
 N - an amulet of reflection (around neck)
Wands
 a - a wand of flame (21)
 p - a wand of paralysis (19)
 v - a wand of polymorph (14)
 C - a wand of clouds (3)
 D - a wand of acid (8)
 E - a wand of iceblast (14)
 I - a wand of random effects (18)
 O - a wand of enslavement (5)
Scrolls
 e - 7 scrolls of enchant armour
 k - 17 scrolls of teleportation
 l - 11 scrolls of identify
 n - 16 scrolls of remove curse
 o - 6 scrolls of fog
 q - 3 scrolls of fear
 r - 6 scrolls of magic mapping
 t - 7 scrolls of blinking
Potions
 c - 3 potions of resistance
 f - 12 potions of curing
 g - 4 potions of cancellation
 z - 7 potions of heal wounds
 A - 5 potions of flight
 F - 5 potions of invisibility
 G - 2 potions of ambrosia
 J - 3 potions of might


   Skills:
 + Level 14.3 Fighting
 - Level 1.7 Throwing
 + Level 12.2 Armour
 + Level 12.5 Dodging
 * Level 21.2 Unarmed Combat


You had 16 spell levels left.
You didn't know any spells.
Your spell library contained the following spells:

 Spells                   Type           Power        Failure   Level
 Animate Skeleton         Necr           #.....       100%        1
 Corona                   Hex            #......      100%        1
 Magic Dart               Conj           #...         100%        1
 Pain                     Necr           #...         100%        1
 Sandblast                Erth           #.....       100%        1
 Passwall                 Tmut/Erth      #.......     100%        2
 Searing Ray              Conj           #.....       100%        2
 Slow                     Hex            #.......     100%        2
 Dazzling Flash           Conj/Hex       #.....       100%        3
 Inner Flame              Hex/Fire       #.......     100%        3
 Portal Projectile        Hex/Tloc       #.....       100%        3
 Stone Arrow              Conj/Erth      #.....       100%        3
 Vampiric Draining        Necr           #.........   100%        3
 Animate Dead             Necr           #.........   100%        4
 Cause Fear               Hex            #.........   100%        4
 Fulminant Prism          Conj/Hex       #.........   100%        4
 Iskenderun's Mystic Bla  Conj/Tloc      #.......     100%        4
 Leda's Liquefaction      Hex/Erth       #.........   100%        4
 Petrify                  Tmut/Erth      #.......     100%        4
 Agony                    Necr           #.......     100%        5
 Lee's Rapid Deconstruct  Erth           #.........   100%        5


Dungeon Overview and Level Annotations

Branches:
Dungeon (15/15)            Temple (1/1) D:5            Lair (6/6) D:9
 Shoals (0/4) Lair:3       Spider (4/4) Lair:4        Slime (0/5) Lair:6
    Orc (2/2) D:10            Elf (0/3) Orc:2        Vaults (0/5) D:14
 Depths (0/5) D:15          Sewer (visited)           IceCv (visited)

Altars:
Ashenzari
Cheibriados
Dithmenos
Elyvilon
Fedhas
Gozag
Hepliaklqana
Kikubaaqudgha
Makhleb
Nemelex Xobeh
Okawaru
Qazlal
Ru
Sif Muna
Trog
Uskayaw
Vehumet
Wu Jian
Xom
Yredelemnul
Zin
The Shining One
Beogh

Shops:
D:8 :   D:13 [   Orc:2 =[*(

Annotations:
Spider:4 Arachne


Innate Abilities, Weirdness & Mutations

Your body is rotting away.
You thrive by killing the living.
You are immune to poison.
You have sharp fingernails.
Your flesh is cold resistant. (rC+)
You are immune to negative energy. (rN+++)
You do not regenerate when monsters are visible.
You are immune to unholy pain and torment.
You can survive without breathing.


Message History

The redback bites you!
* * * LOW HITPOINT WARNING * * *
The redback bites you but does no damage.
The tarantella rages.
You hear an angry hiss.
The jumping spider leaps!
You hear an angry hiss.
The redback barely misses you.
The redback bites you but does no damage.
The jumping spider rages.
You barely miss Arachne.
Arachne is severely wounded.
Arachne says, "Come closer, little fly."
Arachne points her staff at you, shooting a stream of webbing.
The stream of webbing misses you. The redback closely misses you.
The redback bites you but does no damage.
You mangle Arachne!!
Arachne is severely wounded.
The redback bites you!
You die...

^^.. ...##..#
..^.###...#.^#
^^...#^...#..#
.......^..°s.s.#
....^...sssyss#
#.... #..yysy#
..###^^.###ssssy#
^..#.^.^.#...#ss#
#...^.^.....##@H#
#...........###^.#
#.........## ..#
##.........## s.#
####
#........^..##
s.####^^#
..##'''##..^#
.##....###
#...##^^##
^#.......#
#^).#†.##
##.......## #
#.^.#=##
##^...^...^#


You could see Arachne, an emperor scorpion (berserk), a spark wasp, a moth of
wrath, an orb spider, 3 hornets, 8 jumping spiders, 2 tarantellas and 2
redbacks.

Vanquished Creatures
  A frost giant (IceCv)
  A fire giant (D:15)
  2 ghost moths
  3 emperor scorpions
  An orc warlord (Orc:2)
  Aizul (Spider:2)
  An ironheart preserver (D:14)
  A stone giant (Orc:1)
  4 entropy weavers
  Azrael (Spider:2)
  A spark wasp (Spider:4)
  An ettin (Orc:2)
  A crystal guardian (D:15)
  Snorg (Lair:3)
  2 fire dragons
  A rakshasa (D:13)
  Harold (D:7)
  4 hydras
  Erica (D:11)
  5 two-headed ogres
  3 centaur warriors
  A death knight (D:14)
  Urug (Lair:2)
  5 death yaks (Lair:6)
  An orc high priest (Orc:2)
  The ghost of gruber the Destroyer, a novice OpCj of Vehumet (D:10)
  Sonja (Lair:3)
  Nergalle (Lair:3)
  4 unseen horrors
  The ghost of Lanoc the Frost Mage, a novice DEIE of Qazlal (D:10)
  5 skeletal warriors
  A lindwurm (Lair:6)
  A phantasmal warrior (D:15)
  6 orc knights
  18 wolf spiders
  3 manticores (D:15)
  5 orc sorcerers
  14 orb spiders
  A deep elf mage (D:15)
  7 ugly things
  3 oklob plants (Lair:1)
  4 cyclopes
  A manticore (shapeshifter) (D:15)
  11 elephants
  2 moths of wrath
  2 ice statues (IceCv)
  5 torpor snails
  A guardian serpent (Lair:6)
  Maurice (D:8)
  9 black mambas
  2 gargoyles
  4 rime drakes
  5 kobold demonologists
  2 centaur skeletons
  15 cane toads
  7 demonic crawlers
  A freezing wraith (D:14)
  6 komodo dragons
  2 tengu conjurers (D:15)
  15 polar bears
  5 trolls
  39 jumping spiders
  7 hornets
  11 hippogriffs
  9 blink frogs
  20 tarantellas
  Sigmund (D:5)
  2 shadows
  11 wyverns (Lair:6)
  A vampire (D:11)
  53 redbacks
  3 fire elementals
  2 wraiths
  A water elemental (D:12)
  48 yaks
  A basilisk (Lair:1)
  A steam dragon (D:8)
  Menkaure (D:7)
  Edmund (D:5)
  A soldier ant (D:15)
  3 vampire mosquitoes (D:12)
  A warg (D:15)
  3 hell hounds (Spider:1)
  9 porcupines
  24 orc warriors
  16 water moccasins
  4 sky beasts
  A black bear (D:5)
  An ice beast (D:13)
  2 eyes of draining (D:13)
  2 phantoms
  13 wolves
  10 ogres
  24 centaurs
  6 crocodiles
  5 big kobolds
  Blork the orc (D:5)
  17 bullfrogs
  A wyvern skeleton (D:10)
  3 scorpions
  14 killer bees
  5 howler monkeys
  14 wights
  9 electric eels
  5 centaur zombies
  4 bullfrog zombies
  A quasit (D:7)
  17 orc priests
  9 hounds
  10 jellies
  25 orc wizards
  A bullfrog skeleton (D:8)
  10 iguanas
  7 worker ants
  A hound zombie (D:8)
  Robin (D:4)
  A howler monkey zombie (D:5)
  2 worker ant zombies
  13 gnolls
  13 adders
  A river rat (Sewer)
  A shadow imp (D:6)
  A white imp (D:3)
  2 ufetubi
  12 oozes
  An adder zombie (D:8)
  5 adder skeletons
  3 worms
  3 dart slugs
  11 leopard geckos
  75 orcs
  3 bats
  10 giant cockroaches
  17 goblins
  15 hobgoblins
  17 jackals
  36 kobolds
  8 quokkas
  A ball python (D:3)
  4 frilled lizards
  2 leopard gecko skeletons
  10 rats
  2 plants (Lair:1)
978 creatures vanquished.

Vanquished Creatures (others)
  An unseen horror (D:15)
  A demonic crawler (Spider:1)
  A jumping spider (Spider:4)
  23 fungi
  14 plants (Lair:6)
  12 toadstools (D:2)
52 creatures vanquished.

Grand Total: 1030 creatures vanquished

Notes
Turn   | Place    | Note
-------+----------+-------------------------------------------
     0 | D:1      | HoaS the Ghoul Gladiator began the quest for the Orb.
     0 | D:1      | Reached XP level 1. HP: 17/17 MP: 0/0
   169 | D:1      | Reached XP level 2. HP: 21/24 MP: 1/1
   172 | D:1      | Reached skill level 4 in Unarmed Combat
   724 | D:1      | Reached XP level 3. HP: 29/29 MP: 2/2
   974 | D:2      | Reached skill level 5 in Unarmed Combat
   989 | D:2      | Reached XP level 4. HP: 31/36 MP: 3/3
  1007 | D:2      | Reached skill level 6 in Unarmed Combat
  1013 | D:2      | Reached XP level 5. HP: 32/41 MP: 4/4
  1520 | D:2      | Reached skill level 7 in Unarmed Combat
  1559 | D:2      | Reached XP level 6. HP: 35/48 MP: 5/5
  2340 | D:3      | Found an iron altar of Okawaru.
  2534 | D:4      | Reached skill level 8 in Unarmed Combat
  2639 | D:4      | Reached XP level 7. HP: 55/55 MP: 6/6
  2713 | D:4      | Noticed Robin
  2738 | D:4      | Killed Robin
  3729 | D:5      | Entered Level 5 of the Dungeon
  3762 | D:5      | Reached skill level 9 in Unarmed Combat
  3906 | D:5      | Noticed Sigmund
  3920 | D:5      | Killed Sigmund
  3948 | D:5      | Reached skill level 10 in Unarmed Combat
  3965 | D:5      | Found a staircase to the Ecumenical Temple.
  3970 | D:5      | Reached XP level 8. HP: 61/61 MP: 7/7
  3994 | Temple   | Entered the Ecumenical Temple
  4088 | Temple   | Became a worshipper of Makhleb the Destroyer
  4605 | D:5      | Noticed Blork the orc
  4608 | D:5      | Reached skill level 11 in Unarmed Combat
  4614 | D:5      | Killed Blork the orc
  4652 | D:5      | Noticed Edmund
  4678 | D:5      | Killed Edmund
  4764 | D:6      | Found a glowing drain.
  4776 | D:6      | Reached * piety under Makhleb
  4795 | Sewer    | Entered a sewer
  4906 | Sewer    | Found a white marble altar of Elyvilon.
  5023 | D:6      | Reached skill level 12 in Unarmed Combat
  5161 | D:6      | Reached XP level 9. HP: 59/67 MP: 8/8
  5390 | D:6      | Reached ** piety under Makhleb
  5601 | D:6      | Reached skill level 13 in Unarmed Combat
  6121 | D:7      | Noticed Menkaure
  6132 | D:7      | Killed Menkaure
  6195 | D:7      | Found a blossoming altar of Fedhas.
  6196 | D:7      | Noticed Harold
  6224 | D:7      | Killed Harold
  6224 | D:7      | Reached skill level 14 in Unarmed Combat
  6224 | D:7      | Reached XP level 10. HP: 73/73 MP: 9/9
  6403 | D:8      | Reached skill level 15 in Unarmed Combat
  6413 | D:8      | Identified the +1 scale mail of the Spheres {rPois rN+
                  | Regen+ Str+2}
  6466 | D:8      | Noticed Maurice
  6492 | D:8      | Killed Maurice
  6550 | D:8      | Reached *** piety under Makhleb
  6621 | D:8      | Found Palahom's Book Shop.
  6631 | D:8      | Got an encrusted ring mail
  6656 | D:8      | Identified the +1 ring mail of the Slorg {rElec} (You found
                  | it on level 8 of the Dungeon)
  7110 | D:9      | Reached skill level 16 in Unarmed Combat
  7220 | D:9      | Reached skill level 1 in Armour
  7279 | D:9      | Found a staircase to the Lair.
  7758 | D:9      | Reached XP level 11. HP: 83/83 MP: 10/10
  7766 | D:9      | Reached **** piety under Makhleb
  8081 | D:10     | Entered Level 10 of the Dungeon
  8156 | D:10     | Noticed a two-headed ogre
  8177 | D:10     | Killed a two-headed ogre
  8303 | D:10     | Found a runed translucent gate.
  8303 | D:10     | Found a runed translucent gate.
  8303 | D:10     | Noticed gruber's ghost (novice OpCj)
  8304 | D:10     | Found a runed translucent gate.
  8304 | D:10     | Noticed Lanoc's ghost (novice DEIE)
  8397 | D:10     | Reached skill level 5 in Fighting
  8439 | D:10     | Found a staircase to the Orcish Mines.
  8774 | D:10     | Noticed a cyclops
  8782 | D:10     | Killed a cyclops
  8964 | D:10     | Killed Lanoc's ghost
  8964 | D:10     | Reached skill level 5 in Dodging
  8970 | D:10     | Killed gruber's ghost
  9062 | Lair:1   | Entered Level 1 of the Lair of Beasts
  9432 | Lair:1   | Got a coiled brass ring
  9561 | Lair:1   | Identified the ring "Yxzin" {rElec MR+ Dex+4} (You found it
                  | on level 1 of the Lair of Beasts)
  9662 | Lair:1   | Found a blossoming altar of Fedhas.
  9689 | Lair:1   | Noticed an oklob plant
  9734 | Lair:1   | Noticed an oklob plant
  9738 | Lair:1   | Noticed an oklob plant
 10226 | Lair:2   | Reached XP level 12. HP: 97/97 MP: 11/11
 10313 | Lair:2   | Noticed Urug
 10324 | Lair:2   | Reached skill level 5 in Armour
 10335 | Lair:2   | Killed Urug
 10791 | Lair:2   | Reached skill level 17 in Unarmed Combat
 10914 | Lair:3   | Noticed Snorg
 10943 | Lair:3   | Noticed a six-headed hydra
 10972 | Lair:2   | Killed a six-headed hydra
 11092 | Lair:3   | Killed Snorg
 11128 | Lair:3   | Found a staircase to the Shoals.
 11139 | Lair:3   | Found a frozen archway.
 11147 | IceCv    | Entered an ice cave
 11165 | IceCv    | Reached ***** piety under Makhleb
 11466 | IceCv    | Reached XP level 13. HP: 108/108 MP: 12/12
 11497 | IceCv    | Noticed a frost giant
 11520 | IceCv    | Killed a frost giant
 11852 | Lair:3   | Noticed Sonja
 11860 | Lair:3   | Killed Sonja
 11886 | Lair:3   | Noticed Nergalle
 11905 | Lair:3   | Killed Nergalle
 11913 | Lair:3   | Found the +2 shield of Resistance {rF+ rC+ MR+}
 12451 | Lair:4   | Found the +15 Maxwell's patent armour {-Cast -Tele rElec
                  | MR+ rCorr}
 12527 | Lair:4   | Found a hole to the Spider Nest.
 12804 | Lair:4   | Reached skill level 18 in Unarmed Combat
 13317 | Lair:5   | Reached skill level 10 in Fighting
 13926 | Lair:6   | Entered Level 6 of the Lair of Beasts
 14077 | Lair:6   | Reached XP level 14. HP: 117/122 MP: 13/13
 14137 | Lair:6   | Found a staircase to the Slime Pits.
 15155 | Lair:6   | Reached ****** piety under Makhleb
 15477 | D:11     | Reached skill level 10 in Dodging
 15701 | D:11     | Noticed Erica
 15718 | D:11     | Killed Erica
 15907 | D:11     | Found the +8 autumn katana {vorpal, Clar}
 16422 | D:12     | Reached XP level 15. HP: 132/132 MP: 14/14
 16523 | D:12     | Reached skill level 10 in Armour
 16709 | Orc:1    | Entered Level 1 of the Orcish Mines
 16898 | Orc:1    | Reached skill level 19 in Unarmed Combat
 17095 | Orc:2    | Entered Level 2 of the Orcish Mines
 17096 | Orc:2    | Found a staircase to the Elven Halls.
 17552 | Orc:2    | Noticed an orc warlord
 17588 | Orc:2    | Killed an orc warlord
 17830 | Orc:2    | Found a roughly hewn altar of Beogh.
 17833 | Orc:2    | Found Sugeuch's Antique Armour Boutique.
 17849 | Orc:2    | Found a roughly hewn altar of Beogh.
 17941 | Orc:2    | Found Duaworch's General Store.
 17956 | Orc:2    | Found Eczesch's Antique Weapon Boutique.
 17971 | Orc:2    | Found Dufogu's Jewellery Boutique.
 17979 | Orc:2    | Bought a +4 ring of evasion for 576 gold pieces
 17979 | Orc:2    | Bought an uncursed amulet of reflection for 480 gold pieces
 18210 | Orc:1    | Found a bloodstained altar of Trog.
 18482 | D:13     | Found a white marble altar of Elyvilon.
 18999 | D:13     | Found Quemoaceam's Armour Boutique.
 19644 | D:14     | Found a gate to the Vaults.
 20092 | D:14     | Reached XP level 16. HP: 141/141 MP: 15/15
 20188 | D:15     | Entered Level 15 of the Dungeon
 20387 | D:15     | Found a staircase to the Depths.
 20516 | D:15     | Reached skill level 20 in Unarmed Combat
 21158 | Spider:1 | Entered Level 1 of the Spider Nest
 22521 | Spider:2 | Got a heavily runed scale mail
 22524 | Spider:2 | Identified the +6 scale mail of the Eternal Fruit {Str+4
                  | Dex+3} (You found it on level 2 of the Spider Nest)
 22671 | Spider:2 | Noticed Azrael
 22843 | Spider:2 | Killed Azrael
 23032 | Spider:2 | Noticed Aizul
 23061 | Spider:2 | Killed Aizul
 23351 | Spider:3 | Reached XP level 17. HP: 151/151 MP: 16/16
 24201 | Spider:4 | Entered Level 4 of the Spider Nest
 24210 | Spider:4 | Reached skill level 21 in Unarmed Combat
 24913 | Spider:4 | Noticed Arachne
 24944 | Spider:4 | HP: 1/154 [redback (14)]
 24946 | Spider:4 | Demolished by a redback

Illustrated notes

Levels and vault maps discovered:
D:1:      tarquinn_simple_flora_water_d, layout_loops_ring
D:2:      cheibrodos_fertilizer, layout_rooms
D:3:      layout_loops_ring, okawaru_trees_1
D:4:      layout_layer_cave, uniq_robin
D:5:      layout_basic, minmay_temple_entry_large_hall,
          kennysheep_generic_room_14, uniq_blork_the_orc, uniq_sigmund,
          uniq_edmund
D:6:      layout_rooms, gup_sewer_entry_pipe
D:7:      layout_cave_pools, kennysheep_mini, minmay_crystal_room, uniq_harold,
          uniq_menkaure
D:8:      layout_rooms, serial_shops, nicolae_shop_competitors_out_of_business,
          uniq_maurice
D:9:      layout_basic, erik_lair_island, nrook_mini_backslash
D:10:     minmay_evil_eye, layout_loops_cross, orc_0_dummy,
          gammafunk_ghost_cemetery, minivault_16, grunt_ministairs_6
D:11:     layout_loops_ring, uniq_erica
D:12:     layout_big_octagon, hangedman_abyss_or_decor_lesser_grid
D:13:     layout_grid_maze, serial_shops, shop, elyvilon_altar_5
D:14:     layout_rooms, skrybe_vaults_entry_preservation,
          minmay_staircase_windowed_small
D:15:     grunt_enter_depths_giant_problem, layout_gridville,
          chequers_serial_rivers_marsh, minmay_radiant
Temple:   compressed_dpeg_circular_temple
Lair:1:   layout_long_grid, serial_bayou, serial_bayou_pond_e,
          serial_bayou_pond_b, serial_bayou_ford_a, serial_bayou_pond_d,
          serial_bayou_shore_b, minivault_25, tgw_fedhas,
          minmay_lair_oklob_chamber
Lair:2:   layout_cave_pods, cheibrodos_lair_reptile_den, uniq_urug
Lair:3:   layout_misc_corridors, shoals_dummy_entry,
          portal_ice_cave_entry_pillars_2, uniq_sonja, uniq_snorg, uniq_nergalle
Lair:4:   beast_lair_carwin_large_2, layout_gridlike,
          spider_nest_entry_funnel_web
Lair:5:   layout_layer_cave
Lair:6:   hangedman_lair_tendril_chambers, layout_cave_pods,
          nicolae_slime_entry_slimehenge, serial_bayou_shore_b
Spider:1: layout_spider_delve
Spider:2: layout_spider_delve, uniq_aizul, uniq_azrael
Spider:3: layout_spider_delve, nicolae_spider_cling_halls
Spider:4: johnstein_spider_rune_arachne_lair, drop_trap
Orc:1:    layout_diamond_mine, trog_book
Orc:2:    grunt_orc_cross, layout_caves, basic_altar

Skill      XL: |  1  2  3  4  5  6  7  8  9 10 11 12 13 14 15 16 17 |
---------------+----------------------------------------------------+-----
Unarmed Combat | 4 5 6 7 8 10 12 14 16 17 18 19 20 21 | 21.2
Dodging        | 3 5 7 9 10 11 12 | 12.5
Armour         | 2 4 6 8 9 10 11 12 | 12.2
Fighting       | 3 6 8 10 11 12 13 14 | 14.3
Throwing       | |  1.7

Action                   |  1- 3 |  4- 6 |  7- 9 | 10-12 | 13-15 | 16-18 || total
-------------------------+-------+-------+-------+-------+-------+-------++-------
Melee: Unarmed           |    99 |   217 |   439 |   622 |  1429 |   893 ||  3699
       Punch             |       |     5 |    22 |    66 |   171 |    70 ||   334
Throw: Dart              |       |       |     8 |     5 |       |       ||    13
       Throwing net      |       |       |     5 |     5 |       |       ||    10
Evoke: Wand              |       |       |       |    11 |     3 |       ||    14
  Use: Scroll            |     5 |     6 |     8 |    10 |     7 |     5 ||    41
       Potion            |       |       |       |     1 |       |     3 ||     4
 Stab: Held in net/web   |       |       |     1 |     2 |       |       ||     3
Armor: Leather armour    |     8 |       |       |       |       |       ||     8
       Ring mail         |    34 |    46 |       |       |       |       ||    80
       Scale mail        |       |    41 |       |   236 |    74 |       ||   351
       Chain mail        |       |    39 |   194 |     9 |       |       ||   242
       Skin              |       |       |       |     1 |       |       ||     1
       Plate armour      |       |       |       |       |   908 |   852 ||  1760
Dodge: Dodged            |    71 |   113 |   196 |   360 |   854 |   956 ||  2550
Block: Other             |       |       |       |       |    44 |   303 ||   347
       Reflection        |       |       |       |       |     2 |     2 ||     4

Table legend: (Time is in decaauts)
 A = Elapsed time spent in this place.
 B = Non-inter-level travel time spent in this place.
 C = Inter-level travel time spent in this place.
 D = Time resting spent in this place.
 E = Time spent auto-exploring this place.
 F = Levels seen in this place.
 G = Mean time per level.
                   A        B        C        D        E       F      G
               +--------+--------+--------+--------+--------+-----+--------+
         Total |  23867 |  22517 |   1350 |   1859 |  14461 |  30 |  795.6 |
       Dungeon |  12296 |  11608 |    688 |   1042 |   7359 |  15 |  819.7 |
        Temple |    112 |    112 |      0 |      0 |     74 |   1 |  112.0 |
          Lair |   5663 |   5244 |    419 |    164 |   4030 |   6 |  943.8 |
   Spider Nest |   3523 |   3371 |    152 |    582 |   1656 |   4 |  880.8 |
  Orcish Mines |   1564 |   1475 |     89 |     70 |    940 |   2 |  782.0 |
         Sewer |    174 |    174 |      0 |      0 |    125 |   1 |  174.0 |
      Ice Cave |    531 |    531 |      0 |      0 |    275 |   1 |  531.0 |
               +--------+--------+--------+--------+--------+-----+--------+

Top non-repeatable levels by time:
Spider:3: 1295 daAuts
     D:9: 1226 daAuts
     D:4: 1194 daAuts
  Lair:6: 1182 daAuts
  Lair:1: 1170 daAuts
     D:1: 1153 daAuts
Spider:1: 1055 daAuts
  Lair:2: 997 daAuts
   Orc:2: 988 daAuts
    D:13: 941 daAuts
    D:10: 926 daAuts
  Lair:5: 916 daAuts
     D:5: 857 daAuts
Spider:2: 786 daAuts
  Lair:4: 777 daAuts
